 Dungeon Crawl Stone Soup version 0.17.1-3-g152610e (webtiles) character file.

397 kaze the Shield-Bearer (level 6, -7/38 HPs)
             Began as a Gargoyle Fighter on Mar 15, 2016.
             Killed by nerve-wracking pain
             ... invoked by Menkaure
              (10 damage)
             ... on level 4 of the Dungeon.
             The game lasted 00:06:36 (3567 turns).

kaze the Shield-Bearer (Gargoyle Fighter)           Turns: 3567, Time: 00:06:36

Health: -7/38      AC: 14    Str: 22    XL:     6   Next: 83%
Magic:  6/6        EV:  6    Int:  8    God:
Gold:   151        SH: 10    Dex:  9    Spells: 0 memorised, 5 levels left

rFire  . . .     SeeInvis .     a - +1 war axe
rCold  . . .     Clarity  .     q - +0 chain mail
rNeg   + . .     SustAt   .     c - +0 shield
rPois  ∞         Gourm    .     (no helmet)
rElec  +         Spirit   .     (no cloak)
rCorr  .         Warding  .     (no gloves)
rMut   .         Stasis   .     (no boots)
MR     .....                    (no amulet)
Stlth  ..........               (no ring)
                                (no ring)

@: not resistant to hostile enchantments, extremely unstealthy
A: negative energy resistance 1, electricity resistance, unbreathing,
petrification resistance, rot immunity, AC +4
a: no special abilities


You were on level 4 of the Dungeon.
You were not hungry.

You visited 1 branch of the dungeon, and saw 4 of its levels.

You collected 151 gold pieces.

Inventory:

Hand Weapons
 a - a +1 war axe (weapon)
Missiles
 u - 12 tomahawks (quivered)
Armour
 c - a +0 shield (worn)
 q - a +0 chain mail (worn)
Jewellery
 e - a +2 ring of strength {unknown}
 o - an uncursed ring of fire
Wands
 d - a wand of lightning (4)
 m - a wand of digging (12)
Scrolls
 g - a scroll of amnesia
 h - 4 scrolls of blinking
 l - 4 scrolls of identify
 n - 6 scrolls of remove curse
 p - 2 scrolls of teleportation {unknown}
Potions
 b - a potion of poison {unknown}
 i - a potion of agility
 k - 2 potions of curing
Comestibles
 f - a meat ration
 j - 2 fruits
 v - a beef jerky


   Skills:
 + Level 4.2 Fighting
 + Level 3.1 Axes
 + Level 0.5 Throwing
 + Level 4.9 Armour
 + Level 1.5 Dodging
 + Level 0.2 Stealth
 + Level 5.1 Shields


You had 5 spell levels left.
You didn't know any spells.

Dungeon Overview and Level Annotations

Branches:
Dungeon (4/15)
 Temple: D:4-7

Altars:
The Shining One

Annotations:
D:4 Menkaure, Robin


Innate Abilities, Weirdness & Mutations

You are resistant to torment.
Your stone body is resilient (AC +4).
You are immune to poison.
You resist negative energy.
You are resistant to electric shocks.
You can survive without breathing.
You are immune to petrification.
You are immune to rotting.


Message History

The hobgoblin barely misses you.
You hit the hobgoblin.
The hobgoblin is heavily wounded.
You block the hobgoblin's attack.
You slash the hobgoblin!
You kill the hobgoblin!
Menkaure hits you but does no damage.
Unknown command.
You slash Menkaure!
Menkaure is moderately damaged.
You block Menkaure's attack.
Menkaure gestures at you while chanting.
Pain shoots through your body!
* * * LOW HITPOINT WARNING * * *
You slash Menkaure!
Menkaure is heavily damaged.
You block Menkaure's attack. Menkaure casts a spell at you.
Pain shoots through your body!
You die...

############
#######..........#
........########@#
################M#######
#.....)g).....# ###
#.#####)#####.# ..# #.#
#.# ..$ #.. #..# ....


You could see Menkaure and Robin.

Vanquished Creatures
  A phantom (D:4)
  An ogre (D:4)
  A hound (D:4)
  An orc wizard (D:3)
  9 adders
  An ooze (D:2)
  2 worms
  A giant gecko (D:1)
  7 orcs
  5 giant cockroaches
  16 goblins
  8 hobgoblins
  2 jackals (D:1)
  2 quokkas
  7 bats
  2 giant newts
  8 kobolds
  5 rats
79 creatures vanquished.

Notes
Turn   | Place    | Note
--------------------------------------------------------------
     0 | D:1      | kaze the Gargoyle Fighter began the quest for the Orb.
     0 | D:1      | Reached XP level 1. HP: 14/14 MP: 1/1
    63 | D:1      | Reached XP level 2. HP: 14/19 MP: 2/2
   757 | D:2      | Reached XP level 3. HP: 2/23 MP: 3/3
  1267 | D:2      | Reached XP level 4. HP: 29/29 MP: 4/4
  1281 | D:2      | Reached skill level 4 in Armour
  1557 | D:2      | Reached skill level 1 in Dodging
  1798 | D:3      | Found a glowing golden altar of the Shining One.
  1963 | D:3      | Reached XP level 5. HP: 33/33 MP: 5/5
  3007 | D:4      | Noticed a phantom
  3009 | D:4      | Noticed an ogre
  3044 | D:4      | Killed an ogre
  3044 | D:4      | Reached XP level 6. HP: 12/38 MP: 6/6
  3074 | D:4      | Killed a phantom
  3398 | D:4      | Reached skill level 5 in Shields
  3546 | D:4      | Noticed Robin
  3553 | D:4      | Noticed Menkaure
  3567 | D:4      | Killed from afar by Menkaure

Action                   |  1- 3 |  4- 6 || total
-------------------------+-------+-------++-------
Melee: War axe           |    83 |   144 ||   227
Throw: Tomahawk          |       |     3 ||     3
  Use: Scroll            |       |     8 ||     8
       Potion            |       |     6 ||     6
  Eat: Fruit             |     2 |       ||     2
       Bread ration      |       |     1 ||     1
       Meat ration       |       |     1 ||     1
